 Dungeon Crawl Stone Soup version 0.25-a0-577-ga4619f409e (webtiles) character file.

Game seed: 15708788553601870971, levelgen mode: deterministic

511 Kohma the Grasshopper (level 7, -4/56 HPs)
             Began as a Gnoll Warper on Mar 2, 2020.
             Was an Initiate of Makhleb.
             Slain by a water moccasin (6 damage)
             ... on level 4 of the Dungeon.
             The game lasted 00:07:53 (3697 turns).

Kohma the Grasshopper (Gnoll Warper)                Turns: 3697, Time: 00:07:54

Health: -4/56      AC:  7    Str: 14    XL:     7   Next: 19%
Magic:  15/15      EV: 13    Int: 17    God:    Makhleb [......]
Gold:   153        SH:  0    Dex: 14    Spells: 13/17 levels left

rFire    . . .     SeeInvis .   b - +0 fustibalus
rCold    . . .     Gourm    .   (no shield)
rNeg     . . .     Faith    .   r - +0 ring mail (curse)
rPois    .         Spirit   .   (no helmet)
rElec    .         Reflect  .   j - +1 cloak
rCorr    .         Harm     .   (no gloves)
MR       .....                  (no boots)
Stlth    +.........             (no amulet)
HPRegen  0.18/turn              (no ring)
MPRegen  0.14/turn              (no ring)

@: no status effects
A: distributed training, fangs 1, strong nose
a: Renounce Religion


You were on level 4 of the Dungeon.
You worshipped Makhleb.
Makhleb was noncommittal.
You were not hungry.

You visited 2 branches of the dungeon, and saw 6 of its levels.

You collected 153 gold pieces.

Inventory:

Hand Weapons
 a - a +0 spear
 b - a +0 fustibalus (weapon)
Missiles
 c - 103 stones
 e - a boomerang of dispersal
 n - 103 bolts
 p - 37 sling bullets (quivered)
 q - 43 arrows
 y - 11 poisoned darts
Armour
 j - a +1 cloak (worn)
 r - a cursed +0 ring mail (worn)
 z - a +0 pair of boots
 B - a +0 leather armour
Jewellery
 s - an uncursed ring of flight
 D - an uncursed ring of ice {unknown}
Wands
 k - a wand of digging (8)
Scrolls
 d - a scroll of blinking
 u - a scroll of identify
 v - a scroll of amnesia
 w - 2 scrolls of magic mapping
Potions
 g - 3 potions of curing
 h - 2 potions of might
 i - a potion of haste {unknown}
 l - a potion of magic {unknown}
 o - a potion of experience {unknown}
 t - a potion of berserk rage {unknown}
 x - a potion of lignification {unknown}
 A - a potion of stabbing {unknown}
Comestibles
 f - 7 rations
 m - a chunk of flesh


   Skills:
 + Level 5.1 Fighting
 + Level 2.3 Short Blades
 + Level 2.3 Long Blades
 + Level 2.3 Axes
 + Level 2.3 Maces & Flails
 + Level 5.1 Polearms
 + Level 2.3 Staves
 + Level 2.3 Slings
 + Level 2.3 Bows
 + Level 2.3 Crossbows
 + Level 3.5 Throwing
 + Level 3.5 Armour
 + Level 5.1 Dodging
 + Level 2.3 Stealth
 + Level 2.3 Shields
 + Level 2.3 Unarmed Combat
 + Level 5.5 Spellcasting
 + Level 1.8 Conjurations
 + Level 1.8 Hexes
 + Level 1.8 Charms
 + Level 1.8 Summonings
 + Level 1.8 Necromancy
 + Level 5.8 Translocations
 + Level 1.8 Transmutations
 + Level 1.8 Fire Magic
 + Level 1.8 Ice Magic
 + Level 1.8 Air Magic
 + Level 1.8 Earth Magic
 + Level 1.8 Poison Magic
 + Level 2.5 Invocations
 + Level 2.3 Evocations


You had 13 spell levels left.
You knew the following spells:

 Your Spells              Type           Power        Failure   Level  Hunger
a - Blink                 Tloc           N/A          3%          2    #......
b - Shroud of Golubria    Chrm/Tloc      ###...       9%          2    #......

Your spell library contained the following spells:

 Spells                   Type           Power        Failure   Level  Hunger
 Gell's Gravitas          Tloc           ###.......   8%          3    ##.....
 Lesser Beckoning         Tloc           ###.......   8%          3    ##.....
 Teleport Other           Tloc           ###.....     8%          3    ##.....
 Passage of Golubria      Tloc           N/A          24%         4    ####...


Dungeon Overview and Level Annotations

Branches:
Dungeon (5/15)             Temple (1/1) D:4

Altars:
Ashenzari
Dithmenos
Elyvilon
Kikubaaqudgha
Makhleb
Nemelex Xobeh
Okawaru
Qazlal
Ru
Sif Muna
Trog
Uskayaw
Vehumet
Wu Jian
Zin
The Shining One

Shops:
D:4 *


Innate Abilities, Weirdness & Mutations

Your experience applies equally to all skills.
You have very sharp teeth.
Your uncanny sense of smell can sniff out nearby items.


Message History

Aim: an adder You shoot a sling bullet.
The sling bullet misses the adder.
The sling bullet hits the ball python!
You kill the ball python!
Makhleb accepts your kill.
You feel sick. The water moccasin bites you. x2
* * * LOW HITPOINT WARNING * * *
You are lethally poisoned!
The water moccasin poisons you! The adder misses you.
The water moccasin bites you.
* * * LOW HITPOINT WARNING * * *
The water moccasin bites you.
* * * LOW HITPOINT WARNING * * *
The adder barely misses you.
You feel better. The water moccasin bites you.
* * * LOW HITPOINT WARNING * * *
The water moccasin bites you!
* * * LOW HITPOINT WARNING * * *
The adder misses you. The water moccasin bites you.
You die...

................###...##.........
....#*,*###............#.......[.
....#####.....##....#..#.........
..............####..##...........
....#...........##..##......##...
....###..........#.##............
...## ##.........#####..<.##.....
..## #.........S#...##..####.#.#
>..# #.........@S(∩(+.....##..##
...# ####......S#...#.......###.
.### #.......#####...##...#.. ##
##..........#........<.>
##..#.(...###......###.
#.##.##..# ###........ ###...*###
##....... *....* ##..###. *,,###
#### ##


You could see 2 water moccasins and an adder.

Vanquished Creatures
  An ogre (D:4)
  A howler monkey (D:4)
  A hound (D:4)
  An orc priest (D:2)
  4 orc wizards
  Natasha (D:3)
  A worker ant (D:4)
  3 gnolls (D:3)
  5 adders
  An ooze (D:2)
  An adder skeleton (D:4)
  A dart slug (D:3)
  3 leopard geckos
  3 orcs
  5 giant cockroaches
  9 goblins
  9 hobgoblins
  5 jackals
  3 quokkas (D:4)
  A ball python (D:4)
  11 bats
  11 frilled lizards
  9 kobolds
  A leopard gecko skeleton (D:4)
  A quokka skeleton (D:4)
  3 rats
95 creatures vanquished.

Notes
Turn   | Place    | Note
-------+----------+-------------------------------------------
     0 | D:1      | Kohma the Gnoll Warper began the quest for the Orb.
     0 | D:1      | Reached XP level 1. HP: 20/20 MP: 6/6
   137 | D:1      | Reached XP level 2. HP: 22/26 MP: 7/7
   184 | D:1      | Learned a level 2 spell: Blink
   187 | D:1      | Learned a level 2 spell: Shroud of Golubria
   497 | D:1      | Reached XP level 3. HP: 31/31 MP: 9/9
   698 | D:1      | Reached skill level 5 in Spellcasting
   784 | D:2      | Reached skill level 1 in Invocations
  1064 | D:2      | Reached skill level 1 in Short Blades
  1064 | D:2      | Reached skill level 1 in Long Blades
  1064 | D:2      | Reached skill level 1 in Axes
  1064 | D:2      | Reached skill level 1 in Maces & Flails
  1064 | D:2      | Reached skill level 1 in Staves
  1064 | D:2      | Reached skill level 1 in Slings
  1064 | D:2      | Reached skill level 1 in Bows
  1064 | D:2      | Reached skill level 1 in Crossbows
  1064 | D:2      | Reached skill level 1 in Stealth
  1064 | D:2      | Reached skill level 1 in Shields
  1064 | D:2      | Reached skill level 1 in Unarmed Combat
  1064 | D:2      | Reached skill level 1 in Evocations
  1138 | D:2      | Reached XP level 4. HP: 22/38 MP: 11/11
  1763 | D:2      | Found a sacrificial altar of Ru.
  1792 | D:2      | Reached skill level 1 in Conjurations
  1792 | D:2      | Reached skill level 1 in Hexes
  1792 | D:2      | Reached skill level 1 in Charms
  1792 | D:2      | Reached skill level 1 in Summonings
  1792 | D:2      | Reached skill level 1 in Necromancy
  1792 | D:2      | Reached skill level 1 in Transmutations
  1792 | D:2      | Reached skill level 1 in Fire Magic
  1792 | D:2      | Reached skill level 1 in Ice Magic
  1792 | D:2      | Reached skill level 1 in Air Magic
  1792 | D:2      | Reached skill level 1 in Earth Magic
  1792 | D:2      | Reached skill level 1 in Poison Magic
  2045 | D:2      | Reached XP level 5. HP: 11/43 MP: 12/12
  2360 | D:3      | Found a white marble altar of Elyvilon.
  2699 | D:3      | Reached XP level 6. HP: 39/50 MP: 11/13
  2846 | D:3      | Noticed Natasha
  2858 | D:3      | Killed Natasha
  2919 | D:3      | Reached skill level 5 in Fighting
  2919 | D:3      | Reached skill level 5 in Polearms
  2919 | D:3      | Reached skill level 5 in Dodging
  2938 | D:3      | Found a faded altar of an unknown god.
  3032 | D:3      | Found a burning altar of Makhleb.
  3041 | D:3      | Became a worshipper of Makhleb the Destroyer
  3171 | D:4      | Reached XP level 7. HP: 55/56 MP: 15/15
  3201 | D:4      | Found a staircase to the Ecumenical Temple.
  3207 | Temple   | Entered the Ecumenical Temple
  3269 | D:4      | You fall into a shaft and drop 1 floor!
  3269 | D:5      | Entered Level 5 of the Dungeon
  3688 | D:4      | Found Tioch's Serpentskin Sales.
  3697 | D:4      | HP: 2/56 [water moccasin (8)]
  3697 | D:4      | Slain by a water moccasin

Levels and vault maps discovered:
D:1:      onia_arrival_pentagram, layout_loops_ring, minmay_misc_feat_x
D:2:      layout_basic, nicolae_ru_great_annihilating_truth, first_ration,
          minmay_misc_feat_doors
D:3:      layout_rooms, lemuel_round_altar, lightli_temple_of_fire,
          chequers_ecumenical_altar_simple_redux, uniq_natasha
D:4:      layout_cave_pools, minmay_temple_entry_hall,
          hangedman_abyss_or_decor_lesser_grid, minmay_misc_feat_rows,
          guppyfry_shop_venom
D:5:      layout_cave_pools, marbit_many_paths, fedhas_altar_2,
          lemuel_zombie_altar_yredelemnul, basic_altar
Temple:   cyrus_circular_temple

Skill      XL: |  1  2  3  4  5  6 |
---------------+-------------------+-----
Spellcasting   | 5 |  5.5
Invocations    | 1 2 |  2.5
Short Blades   | 1 2 |  2.3
Long Blades    | 1 2 |  2.3
Axes           | 1 2 |  2.3
Maces & Flails | 1 2 |  2.3
Staves         | 1 2 |  2.3
Slings         | 1 2 |  2.3
Bows           | 1 2 |  2.3
Crossbows      | 1 2 |  2.3
Stealth        | 1 2 |  2.3
Shields        | 1 2 |  2.3
Unarmed Combat | 1 2 |  2.3
Evocations     | 1 2 |  2.3
Conjurations   | 1 |  1.8
Hexes          | 1 |  1.8
Charms         | 1 |  1.8
Summonings     | 1 |  1.8
Necromancy     | 1 |  1.8
Transmutations | 1 |  1.8
Fire Magic     | 1 |  1.8
Ice Magic      | 1 |  1.8
Air Magic      | 1 |  1.8
Earth Magic    | 1 |  1.8
Poison Magic   | 1 |  1.8
Throwing       | 3 |  3.5
Armour         | 3 |  3.5
Fighting       | 5 |  5.1
Polearms       | 5 |  5.1
Dodging        | 5 |  5.1
Translocations | |  5.8

Action                   |  1- 3 |  4- 6 |  7- 9 || total
-------------------------+-------+-------+-------++-------
Melee: Spear             |   114 |   144 |       ||   258
       Bite              |    11 |    17 |       ||    28
       Punch             |       |     1 |       ||     1
 Fire: Fustibalus        |       |    46 |    60 ||   106
Throw: Boomerang         |       |     4 |       ||     4
 Cast: Shroud of Golubri |       |     1 |       ||     1
  Use: Potion            |       |     2 |     1 ||     3
       Scroll            |       |     6 |       ||     6
 Stab: Sleeping          |     5 |       |       ||     5
  Eat: Chunk             |     1 |     6 |     2 ||     9
Armor: Leather armour    |    23 |       |       ||    23
       Ring mail         |       |    46 |    16 ||    62
Dodge: Dodged            |    64 |   105 |    40 ||   209

Table legend:
 A = Non-vault XP
 B = Vault XP
 C = Vault XP percentage of total XP
 D = Non-vault monster count
 E = Vault monster count
 F = Vault count percentage of total count
                 A         B        C        D         E       F
            +---------+---------+-------+---------+---------+-------
      Total |     650 |      80 |  11.0 |      89 |       6 |   6.3
            +---------+---------+-------+---------+---------+-------
        D:1 |      38 |       0 |   0.0 |      25 |       0 |   0.0
        D:2 |     150 |      44 |  22.7 |      26 |       4 |  13.3
        D:3 |     175 |      35 |  16.7 |      22 |       1 |   4.3
        D:4 |     287 |       1 |   0.3 |      16 |       1 |   5.9
            +---------+---------+-------+---------+---------+-------
